 Dungeon Crawl Stone Soup version 0.25-a0-1119-g28b6fd0c3b (webtiles) character file.

Game seed: 7647118785636244379, levelgen mode: deterministic

57976 HoaS the Brawler (level 14, -8/147 HPs)
             Began as a Gargoyle Berserker on May 17, 2020.
             Was a High Priest of Trog.
             Mangled by an orc warrior
             ... wielding a +0 scimitar
              (10 damage)
             ... on level 1 of the Orcish Mines on May 18, 2020.
             The game lasted 00:55:13 (19236 turns).

HoaS the Brawler (Gargoyle Berserker)              Turns: 19236, Time: 00:55:14

Health: -8/147     AC: 24    Str: 25    XL:     14   Next: 88%
Magic:  14/14      EV: 11    Int:  8    God:    Trog [*****.]
Gold:   1642       SH:  0    Dex: 10    Spells: 13/13 levels left

rFire    . . .     SeeInvis .     - Unarmed
rCold    . . .     Gourm    .   (no shield)
rNeg     + + .     Faith    .   g - +0 plate armour
rPois    ∞         Spirit   .   z - +1 hat {MR+}
rElec    +         Reflect  .   q - +0 cloak
rCorr    .         Harm     .   A - +0 pair of gloves
MR       ++...                  (no boots)
Stlth    ..........             s - amulet of regeneration
HPRegen  0.74/turn              B - +4 ring of evasion
MPRegen  0.14/turn              y - ring of positive energy

@: berserking, flying, very quick
A: big wings, negative energy resistance 1, electricity resistance, unbreathing,
petrification resistance, rot immunity, AC +10
a: Stop Flying, Berserk, Trog's Hand, Brothers in Arms, Renounce Religion


You were on level 1 of the Orcish Mines.
You worshipped Trog.
Trog was extremely pleased with you.
You were hungry.

You visited 3 branches of the dungeon, and saw 19 of its levels.

You collected 1642 gold pieces.

Inventory:

Hand Weapons
 w - a +3 shortbow of freezing
Missiles
 d - 173 arrows (quivered)
Armour
 g - a +0 plate armour (worn)
 q - a +0 cloak (worn)
 z - a +1 hat of magic resistance (worn)
 A - a +0 pair of gloves (worn)
Jewellery
 p - an uncursed ring of ice
 s - an amulet of regeneration (around neck)
 y - a ring of positive energy (right hand)
 B - a +4 ring of evasion (left hand)
Wands
 f - a wand of iceblast (11)
 v - a wand of disintegration (13)
 E - a wand of flame (27)
 H - a wand of digging (7)
Scrolls
 a - a scroll of identify
 h - 3 scrolls of remove curse
 i - a scroll of enchant armour
 j - 8 scrolls of teleportation
 t - a scroll of fear
 I - a scroll of magic mapping
Potions
 e - 6 potions of curing
 k - 8 potions of heal wounds
 l - 3 potions of lignification
 m - 6 potions of mutation
 n - a potion of invisibility
 o - 2 potions of resistance
 r - 2 potions of haste
 u - 3 potions of ambrosia
 x - 2 potions of stabbing
 C - 2 potions of flight
 D - 2 potions of might
Comestibles
 b - 35 rations
 F - a chunk of flesh


   Skills:
 + Level 15.1 Fighting
 * Level 12.4 Bows
 - Level 2.1 Armour
 - Level 1.5 Dodging
 * Level 16.8 Unarmed Combat


You had 13 spell levels left.
You didn't know any spells.
Your spell library was empty.

Dungeon Overview and Level Annotations

Branches:
Dungeon (11/15)            Temple (0/1) D:7            Lair (6/6) D:11
  Swamp (0/4) Lair:4        Snake (0/4) Lair:3        Slime (0/5) Lair:6
    Orc (2/2) D:10
    Elf: Orc:2

Altars:
Dithmenos
Fedhas
Nemelex Xobeh
Trog
Wu Jian
Jiyva

Portals:
Trove: D:11 (give horn of Geryon)

Annotations:
Lair:3 exclusion: 4 oklob plants


Innate Abilities, Weirdness & Mutations

You are resistant to torment.
Your stone body is resilient. (AC +10)
You are immune to poison.
Your large and strong wings let you fly indefinitely.
You resist negative energy. (rN+)
You are resistant to electric shocks. (rElec)
You can survive without breathing.
You are immune to petrification.
You are immune to rotting.


Message History

The orc warrior is heavily wounded.
The orc warrior hits you but does no damage.
The orc warrior completely misses you.
You closely miss the orc warrior.
The orc warrior is heavily wounded.
The orc warrior hits you with a +0 scimitar.
* * * LOW HITPOINT WARNING * * *
You closely miss the orc warrior.
The orc warrior is heavily wounded.
The orc warrior hits you with a +0 dire flail!!
* * * LOW HITPOINT WARNING * * *
You barely miss the orc warrior.
The orc warrior is heavily wounded.
The orc warrior closely misses you.
You are too berserk!
You punch the orc warrior!
You kill the orc warrior!
Trog accepts your kill.
The orc warrior hits you with a +0 scimitar!
You die...

............<.........####
.................).....#.#
.....#.........###.....#.##
...#.####.....#####.......#
......##........###.....#.#
......#.[...............###
.........#..............#
.....)...#.#...o)[...#.##
........#...#...@)....##
##......##.####)o....##
#........### #>.....##
..........## ##...###
...........########
....#........####
......#.....###.##
.......##........#
.......)...##.#.##


You could see 2 orc warriors.

Vanquished Creatures
  Gastronok (Lair:3)
  A stone giant (Orc:2)
  Snorg (D:11)
  A fire dragon (Lair:6)
  Josephine (Lair:5)
  Erolcha (D:10)
  The ghost of Soopleu the Grappler, a journeyman DrTm of Uskayaw (Lair:2)
  Harold (D:7)
  A catoblepas (Lair:4)
  5 hydras
  2 two-headed ogres
  A death yak (Lair:4)
  Sonja (Lair:2)
  A lindwurm (Lair:6)
  3 orc knights
  Pikel (D:7)
  12 elephants (Lair:5)
  9 black mambas
  2 molten gargoyles (Lair:6)
  Psyche (D:10)
  8 spiny frogs
  A rime drake (Lair:2)
  7 komodo dragons
  A merfolk (D:11)
  A polar bear (Lair:1)
  18 blink frogs
  4 trolls
  8 hippogriffs
  6 wyverns (Lair:6)
  5 wraiths (Lair:5)
  64 yaks
  2 hungry ghosts
  6 basilisks
  Grum (Lair:1)
  2 steam dragons (Lair:6)
  5 wargs
  21 water moccasins
  6 hell hounds
  4 sky beasts
  5 porcupines
  4 slaves (D:7)
  A black bear (D:6)
  2 ice beasts (D:10)
  13 orc warriors
  11 wolves
  2 phantoms
  4 ogres
  6 centaurs
  4 crocodiles
  The ghost of Amnesiac the Twirler, an amateur DEGl (D:4)
  Blork the orc (D:5)
  14 bullfrogs
  3 scorpions
  11 killer bees
  6 lava snakes
  A crimson imp (D:5)
  3 bullfrog zombies
  9 hounds
  4 jellies
  Crazy Yiuf (D:7)
  2 centaur skeletons (D:9)
  9 orc priests
  3 bullfrog skeletons
  2 iguanas (D:8)
  14 orc wizards
  4 worker ants
  A hound zombie (D:5)
  3 hound skeletons
  2 worker ant zombies
  4 gnolls (D:2)
  17 adders
  An ooze (D:2)
  2 adder zombies
  An adder skeleton (D:4)
  5 worms
  3 dart slugs
  9 leopard geckos
  57 orcs
  10 giant cockroaches
  10 goblins
  3 hobgoblins
  15 jackals
  8 quokkas
  5 ball pythons
  7 bats
  5 frilled lizards
  6 kobolds
  A quokka skeleton (D:5)
  12 rats
544 creatures vanquished.

Vanquished Creatures (others)
  A wyvern (Lair:6)
  A centaur (D:11)
  A fungus (Lair:6)
  13 plants
16 creatures vanquished.

Grand Total: 560 creatures vanquished

Notes
Turn   | Place    | Note
-------+----------+-------------------------------------------
     0 | D:1      | HoaS the Gargoyle Berserker began the quest for the Orb.
     0 | D:1      | Reached XP level 1. HP: 14/14 MP: 1/1
   142 | D:1      | Reached XP level 2. HP: 19/19 MP: 2/2
   353 | D:1      | Reached XP level 3. HP: 24/24 MP: 3/3
   356 | D:1      | Reached ** piety under Trog
   909 | D:2      | Reached skill level 4 in Unarmed Combat
  1344 | D:2      | Noticed a water moccasin
  1376 | D:2      | Killed a water moccasin
  1376 | D:2      | Reached skill level 5 in Unarmed Combat
  1376 | D:2      | Reached XP level 4. HP: 10/30 MP: 4/4
  1376 | D:2      | Reached XP level 5. HP: 12/34 MP: 5/5
  1607 | D:2      | Found a bloodstained altar of Trog.
  2041 | D:3      | Reached XP level 6. HP: 37/40 MP: 6/6
  2904 | D:4      | Reached *** piety under Trog
  2975 | D:4      | You fall into a shaft and drop 3 floors!
  2975 | D:7      | Found a staircase to the Ecumenical Temple.
  3001 | D:6      | Reached skill level 5 in Fighting
  3005 | D:6      | Reached skill level 6 in Unarmed Combat
  3103 | D:6      | Found a shadowy altar of Dithmenos.
  3109 | D:5      | Entered Level 5 of the Dungeon
  3187 | D:4      | You fall into a shaft and drop 3 floors!
  3187 | D:7      | Noticed a sky beast
  3204 | D:7      | Killed a sky beast
  3204 | D:7      | Reached XP level 7. HP: 38/44 MP: 7/7
  3402 | D:4      | You fall into a shaft and drop 1 floor!
  3514 | D:4      | Reached skill level 7 in Unarmed Combat
  3611 | D:4      | Found a blossoming altar of Fedhas.
  3747 | D:4      | Found a runed translucent door.
  3747 | D:4      | Noticed Amnesiac's ghost (amateur DEGl)
  3761 | D:4      | Killed Amnesiac's ghost
  3915 | D:5      | Reached XP level 8. HP: 46/52 MP: 8/8
  3951 | D:5      | Reached skill level 8 in Unarmed Combat
  4012 | D:5      | Noticed Blork the orc
  4030 | D:5      | Killed Blork the orc
  4030 | D:5      | Reached **** piety under Trog
  4089 | D:5      | Found an ornate altar of the Wu Jian Council.
  4151 | D:5      | Found a sparkling altar of Nemelex Xobeh.
  4710 | D:6      | Reached skill level 9 in Unarmed Combat
  5116 | D:7      | Noticed Pikel
  5175 | D:7      | Killed Pikel
  5175 | D:7      | Reached skill level 10 in Unarmed Combat
  5175 | D:7      | Reached XP level 9. HP: 50/59 MP: 9/9
  5453 | D:7      | Found a runed translucent door.
  5454 | D:7      | Noticed Crazy Yiuf
  5466 | D:7      | Noticed a two-headed ogre
  5480 | D:7      | Killed a two-headed ogre
  5585 | D:7      | Reached skill level 11 in Unarmed Combat
  5652 | D:7      | Noticed Harold
  5676 | D:7      | Killed Harold
  5676 | D:7      | Reached XP level 10. HP: 65/66 MP: 10/10
  5810 | D:7      | Reached ***** piety under Trog
  5957 | D:7      | Killed Crazy Yiuf
  6012 | D:8      | Reached skill level 12 in Unarmed Combat
  6096 | D:8      | Reached skill level 10 in Fighting
  7141 | D:9      | Received a gift from Trog
  8117 | D:10     | Entered Level 10 of the Dungeon
  8338 | D:10     | Reached XP level 11. HP: 43/76 MP: 11/11
  8702 | D:10     | Noticed Psyche
  8717 | D:10     | Killed Psyche
  8790 | D:10     | Reached skill level 1 in Bows
  9057 | D:10     | Noticed Erolcha
  9066 | D:10     | Killed Erolcha
  9221 | D:10     | Received a gift from Trog
  9320 | D:10     | Found a staircase to the Orcish Mines.
  9446 | D:11     | Noticed a two-headed ogre
  9453 | D:11     | Killed a two-headed ogre
  9453 | D:11     | Reached skill level 13 in Unarmed Combat
  9739 | D:11     | Found a staircase to the Lair.
  9876 | D:11     | Noticed Snorg
  9890 | D:11     | Killed Snorg
  9932 | D:11     | Identified the +1 scale mail "Kefahur" {*Corrode rF+++
                  | Slay+5 SInv}
  9961 | D:11     | Reached skill level 5 in Bows
 10005 | D:11     | Reached XP level 12. HP: 74/82 MP: 12/12
 10137 | D:11     | Found a portal to a secret trove of treasure.
 10463 | Lair:1   | Entered Level 1 of the Lair of Beasts
 10463 | Lair:1   | Noticed Grum
 10502 | Lair:1   | Killed Grum
 10916 | Lair:1   | Reached skill level 14 in Unarmed Combat
 11582 | Lair:2   | Found a runed translucent door.
 11582 | Lair:2   | Noticed Soopleu's ghost (journeyman DrTm)
 11956 | Lair:2   | Noticed Sonja
 11970 | Lair:2   | Received a gift from Trog
 11980 | Lair:2   | Killed Sonja
 12341 | Lair:2   | Reached XP level 13. HP: 89/89 MP: 13/13
 12679 | Lair:2   | Killed Soopleu's ghost
 12753 | Lair:2   | Reached skill level 15 in Unarmed Combat
 12820 | Lair:3   | Noticed Gastronok
 12842 | Lair:3   | Killed Gastronok
 13012 | Lair:3   | Found a staircase to the Snake Pit.
 13909 | Lair:4   | Reached skill level 10 in Bows
 14366 | Lair:4   | Found a staircase to the Swamp.
 15184 | Lair:5   | Gained mutation: Your large and strong wings let you fly
                  | indefinitely. [Gargoyle growth]
 15184 | Lair:5   | Reached XP level 14. HP: 96/96 MP: 14/14
 15184 | Lair:5   | Noticed Josephine
 15201 | Lair:5   | Killed Josephine
 15365 | Lair:5   | Reached skill level 16 in Unarmed Combat
 15940 | Lair:6   | Entered Level 6 of the Lair of Beasts
 16491 | Lair:6   | Found a large runed translucent door.
 16491 | Lair:6   | Found a large runed translucent door.
 16622 | Lair:6   | Received a gift from Trog
 17131 | Lair:6   | Found a viscous altar of Jiyva.
 17131 | Lair:6   | Found a staircase to the Slime Pits.
 17228 | Lair:6   | Reached skill level 15 in Fighting
 18280 | Orc:1    | Entered Level 1 of the Orcish Mines
 18758 | Orc:2    | Entered Level 2 of the Orcish Mines
 18857 | Orc:2    | Noticed a stone giant
 19079 | Orc:2    | Killed a stone giant
 19234 | Orc:1    | HP: 2/147 [orc warrior/+0 dire flail (28)]
 19236 | Orc:1    | Mangled by an orc warrior

Illustrated notes

Levels and vault maps discovered:
D:1:      matt_arrival_grand_opening, layout_loops_cross,
          kennysheep_another_room, amethyst_killhole, minmay_misc_feat_plants,
          minmay_pentomino_t4
D:2:      layout_loops_ring, first_ration, grunt_ministairs_4, bloody_trog
D:3:      layout_loops_corners
D:4:      layout_basic, gammafunk_ghost_grave, fedhas_altar_fruit_tree
D:5:      layout_basic, basic_altar, chequers_serial_rivers_small_a,
          minmay_crystal_water, nemelex_spade_bored_becter, uniq_blork_the_orc
D:6:      layout_loops_ring, grunt_dithmenos_smoke
D:7:      layout_loops_ring, minmay_temple_entry_trees, minivault_24,
          uniq_harold, uniq_pikel, uniq_crazy_yiuf_cottage
D:8:      layout_rooms, chequers_serial_rivers_micro_e
D:9:      layout_grid_maze
D:10:     layout_irregular_city, david_orc_4, kennysheep_cross_room,
          uniq_erolcha, uniq_psyche
D:11:     layout_rooms, lair_entry_dummy, enter_trove_1, hangedman_fish_farm,
          uniq_snorg
Lair:1:   layout_cave_pods, lemuel_fruit_tree, uniq_grum
Lair:2:   layout_regular_city, enter_volcano_3, gammafunk_ghost_grave,
          st_stairs_5, minmay_holes, serial_bayou_pond_d, uniq_sonja
Lair:3:   layout_hall_layers, minmay_snake_entry_six_corridors,
          minmay_lair_oklob_chamber, uniq_gastronok
Lair:4:   layout_cave_shapes, swamp_mist_pool, serial_forest,
          infiniplex_forest_lined_2, infiniplex_forest_straight_1,
          infiniplex_forest_lined_3, infiniplex_forest_lined_ring,
          infiniplex_forest_straight_3, infiniplex_forest_clump_double,
          infiniplex_forest_lined_room_2, infiniplex_forest_lined_room_3,
          nicolae_lair_yak_garden
Lair:5:   layout_hall_layers, hangedman_lair_unloving_vines, uniq_josephine
Lair:6:   cheibrodos_lair_end_hotspot, layout_cave_pods,
          dpeg_slime_entry_enclosed_altar
Orc:1:    layout_diamond_mine, serial_shops, nicolae_shop_crystal
Orc:2:    st_orc_town, layout_caves

Skill      XL: |  1  2  3  4  5  6  7  8  9 10 11 12 13 14 |
---------------+-------------------------------------------+-----
Unarmed Combat | 5 6 7 10 11 12 13 14 15 16 | 16.8
Fighting       | 4 5 6 8 9 12 13 14 15 | 15.1
Bows           | 5 8 10 12 | 12.4
Armour         | |  2.1
Dodging        | |  1.5

Action                   |  1- 3 |  4- 6 |  7- 9 | 10-12 | 13-15 || total
-------------------------+-------+-------+-------+-------+-------++-------
Melee: Unarmed           |   171 |   156 |   382 |   680 |   596 ||  1985
       Punch             |       |     3 |     8 |    40 |    37 ||    88
 Fire: Shortbow          |       |       |       |   194 |   396 ||   590
Invok: Berserk           |     1 |     1 |     2 |     1 |     3 ||     8
       Trog's Hand       |       |       |     1 |     1 |     1 ||     3
 Abil: Fly               |       |       |       |       |     1 ||     1
Evoke: Wand              |       |       |       |       |     1 ||     1
  Use: Scroll            |       |       |       |    23 |     6 ||    29
  Eat: Chunk             |     2 |     7 |    11 |    22 |    24 ||    66
       Ration            |       |       |       |     1 |       ||     1
Armor: Animal skin       |     9 |       |       |       |       ||     9
       Plate armour      |   105 |   100 |   222 |   487 |   358 ||  1272
Dodge: Dodged            |    61 |    53 |   115 |   318 |   303 ||   850

Table legend:
 A = Non-vault XP
 B = Vault XP
 C = Vault XP percentage of total XP
 D = Non-vault monster count
 E = Vault monster count
 F = Vault count percentage of total count
                 A         B        C        D         E       F
            +---------+---------+-------+---------+---------+-------
      Total |   55006 |   27817 |  33.6 |     424 |     118 |  21.8
            +---------+---------+-------+---------+---------+-------
        D:1 |      40 |       7 |  14.9 |      26 |       4 |  13.3
        D:2 |     262 |       3 |   1.1 |      25 |       2 |   7.4
        D:3 |      30 |       0 |   0.0 |      11 |       0 |   0.0
        D:4 |     306 |     100 |  24.6 |      16 |       1 |   5.9
        D:5 |     509 |      87 |  14.6 |      21 |       1 |   4.5
        D:6 |     588 |       0 |   0.0 |      21 |       0 |   0.0
        D:7 |    1985 |    1662 |  45.6 |      22 |       3 |  12.0
        D:8 |    1448 |       0 |   0.0 |      22 |       0 |   0.0
        D:9 |    1034 |       0 |   0.0 |      24 |       0 |   0.0
       D:10 |    3586 |    2111 |  37.1 |      35 |      19 |  35.2
       D:11 |    4313 |    1946 |  31.1 |      32 |       6 |  15.8
     Lair:1 |    3895 |     187 |   4.6 |      18 |       1 |   5.3
     Lair:2 |    9431 |    2437 |  20.5 |      43 |       6 |  12.2
     Lair:3 |    3440 |    3899 |  53.1 |      16 |      21 |  56.8
     Lair:4 |    2181 |    2427 |  52.7 |       7 |       5 |  41.7
     Lair:5 |    9702 |    2123 |  18.0 |      26 |       6 |  18.8
     Lair:6 |    8781 |    8183 |  48.2 |      29 |      29 |  50.0
      Orc:1 |    1037 |    1599 |  60.7 |      17 |       5 |  22.7
      Orc:2 |    2438 |    1046 |  30.0 |      13 |       9 |  40.9
            +---------+---------+-------+---------+---------+-------
